 Dungeon Crawl Stone Soup version 0.31.0-1-g2c135a0 (webtiles) character file.

Game seed: 15502592277598893410

7691 mdmota the Fighter (level 11, -3/82 HPs)
             Began as a Djinni Chaos Knight on Feb 21, 2024.
             Was a Plaything of Xom.
             Slain by a +0 scimitar (22 damage)
             ... animated by Xom
             ... on level 9 of the Dungeon on Feb 22, 2024.
             The game lasted 00:51:59 (9109 turns).

mdmota the Fighter (Djinni Chaos Knight)            Turns: 9109, Time: 00:51:59

Health: -3/82      AC:  7    Str: 11    XL:     11   Next: 41%
Gold:   54         EV: 18    Int: 22    God:    Xom [.....*] SH:  5 Dex: 15

rFire   + + .        b - +3 broad axe (drain)
rCold   . . .        j - +0 buckler
rNeg    . . .        D - +1 leather armour of Words of Power {rElec rC+ Dex+3}
rPois   ∞            P - +1 helmet
rElec   +            (no cloak)
rCorr   +            n - +0 pair of gloves
SInv    .            (boots unavailable)
Will    +....        a - amulet of Laowunae {rElec Regen+ Int+3}
Stlth   ++           l - +5 ring of evasion
HPRegen 1.13/turn    T - ring of resist corrosion
MPRegen 0.00/turn

%: infuse magic (-4 HP)
@: about to teleport, flying, inugami summoned
A: sickness immunity, fire resistance 2, cold vulnerability 1, float, innate
caster, HP casting, extra vitality 1
a: Renounce Religion


You were on level 9 of the Dungeon.
You worshipped Xom.
You were Xom's teddy bear.
You visited 2 branches of the dungeon, and saw 10 of its levels.
You also visited: Bailey.

You collected 574 gold pieces.
You spent 520 gold pieces at shops.

Inventory:

Hand Weapons
 b - a +3 broad axe of draining (weapon)
 i - a +0 broad axe of protection
 p - the +3 hand axe of Theory {spect, rElec rF+ Dex+3 SInv}
   (You found it on level 3 of the Dungeon)

   Dex+3:     It affects your dexterity (+3).
   rF+:       It protects you from fire.
   rElec:     It insulates you from electricity.
   SInv:      It lets you see invisible.
Missiles
 e - 23 poisoned darts
 t - 4 boomerangs (quivered)
 z - 3 datura-tipped darts
 R - a curare-tipped dart
Armour
 j - a +0 buckler (worn)
 n - a +0 pair of gloves (worn)
 D - the +1 leather armour of Words of Power (worn) {rElec rC+ Dex+3}
   (You found it on level 6 of the Dungeon)

   Dex+3:     It affects your dexterity (+3).
   rC+:       It protects you from cold.
   rElec:     It insulates you from electricity.
 P - a +1 helmet (worn)
Jewellery
 a - the amulet of Laowunae (around neck) {rElec Regen+ Int+3}
   (Xom gifted it to you on level 9 of the Dungeon)

   [amulet of regeneration]

   Int+3:     It affects your intelligence (+3).
   rElec:     It insulates you from electricity.
   Regen+:    It increases your rate of health regeneration.
 l - a +5 ring of evasion (left hand)
 K - an amulet of reflection
 N - a +5 ring of evasion
 T - a ring of resist corrosion (right hand)
Wands
 x - a wand of roots (10)
 B - a wand of flame (57)
 U - a wand of mindburst (7)
Scrolls
 c - a scroll of butterflies
 f - a scroll of acquirement
 h - 4 scrolls of poison {unknown}
 m - 4 scrolls of teleportation
 s - 3 scrolls of enchant weapon {unknown}
 w - 2 scrolls of summoning {unknown}
 y - a scroll of amnesia {unknown}
 A - 4 scrolls of immolation {unknown}
 G - 3 scrolls of fear {unknown}
 H - a scroll of silence {unknown}
 J - a scroll of revelation
 O - a scroll of vulnerability
 W - a scroll of fog {unknown}
 X - a scroll of enchant armour
Potions
 g - 4 potions of curing
 k - 3 potions of heal wounds
 o - 3 potions of berserk rage
 q - a potion of lignification {unknown}
 r - 2 potions of degeneration {unknown}
 u - a potion of haste {unknown}
 v - 2 potions of attraction {unknown}
 C - a potion of magic {unknown}
 F - 3 potions of might
 I - a potion of cancellation {unknown}
 L - a potion of resistance {unknown}
 M - a potion of brilliance {unknown}
 Q - 2 potions of enlightenment
 V - a potion of experience
 Y - 2 potions of invisibility {unknown}
 Z - a potion of mutation {unknown}


   Skills:
 * Level 8.5 Fighting
 + Level 7.6(7.9) Axes
 - Level 3.0(5.7) Maces & Flails
 + Level 3.2 Throwing
 + Level 3.9 Armour
 + Level 6.0 Dodging
 + Level 3.7 Stealth
 + Level 4.4 Shields
 * Level 4.5 Spellcasting
 * Level 4.5 Conjurations
 * Level 4.5 Hexes
 * Level 4.5 Summonings
 * Level 4.5 Necromancy
 * Level 4.5 Translocations
 * Level 4.5 Fire Magic
 * Level 4.5 Ice Magic
 * Level 4.5 Air Magic
 * Level 4.5 Earth Magic
 * Level 4.5 Alchemy
 + Level 1.0 Evocations


You knew the following spells:

 Your Spells              Type           Power      Damage    Failure   Level
a - Necrotise             Necr           96%        1d8       3%          1
b - Mercury Vapours       Alch/Air       48%        N/A       4%          2
c - Sigil of Binding      Hex            24%        N/A       9%          3
d - Call Canine Familiar  Summ           24%        N/A       9%          3
e - Anguish               Hex/Necr       12%        N/A       30%         4
Your spell library was empty.

Dungeon Overview and Level Annotations

Branches:
Dungeon (9/15)             Temple (1/1) D:4          Bailey (visited)
   Lair: D:8-11         Orc: D:9-12

Altars:
Ashenzari
Cheibriados
Dithmenos
Elyvilon
Fedhas
Gozag
Hepliaklqana
Makhleb
Nemelex Xobeh
Okawaru
Qazlal
Ru
Trog
Uskayaw
Wu Jian
Xom
Yredelemnul
Zin
The Shining One

Shops:
D:3 :   D:4 (   D:7 [[!*   D:8 ![!

Annotations:
D:3 3 runed translucent doors, KillerQueen's ghost, amateur TrFi
D:8 3 runed translucent doors, geeeeen's ghost, novice MiBe


Innate Abilities, Weirdness & Mutations

You are immune to sickness and miasma.
You are immune to poison.
Your flesh is very heat resistant. (rF++)
You are vulnerable to cold. (rC-)
You float through the air rather than walking.
You learn spells naturally, not from books.
Your magical power is your life essence.
You have superior vitality. (+4 MHP)


Message History

The +0 scimitar seems less confused.
Your inugami barely misses the +0 scimitar.
You block the +0 scimitar's attack.
Your inugami misses the +0 scimitar. You barely miss the +0 scimitar.
The +0 scimitar is moderately damaged.
The +0 scimitar hits you! The +0 scimitar closely misses you.
Your inugami barely misses the +0 scimitar.
The +0 scimitar hits you.
Your inugami hits the +0 scimitar but does no damage.
Unknown command.
You miss the +0 scimitar.
The +0 scimitar is moderately damaged.
The +0 scimitar hits you. x2
Your inugami hits the +0 scimitar but does no damage.
Unknown command.
You miss the +0 scimitar.
The +0 scimitar is moderately damaged.
The +0 scimitar hits you!! The +0 scimitar barely misses you.
Your inugami completely misses the +0 scimitar.
Unknown command.
You slash the +0 scimitar!
The +0 scimitar is heavily damaged.
The +0 scimitar hits you!
Your inugami closely misses the +0 scimitar.
The +0 scimitar hits you!!
* * * LOW HITPOINT WARNING * * *
Blink to where?
Press: ? - help, Dir - move target
As you read the scroll of blinking, it crumbles to dust.
The +0 scimitar is engulfed in seething chaos. x2
Okay, then.
As you read the scroll labelled NUYBAE JOHU, it crumbles to dust.
You feel strangely unstable.
It was a scroll of teleportation.
The +0 scimitar is engulfed in seething chaos. x2
The +0 scimitar hits you.
* * * LOW HITPOINT WARNING * * *
Found a scroll of identify.
The +0 scimitar is engulfed in seething chaos. x2
The +0 scimitar is duplicated!
The +0 scimitar hits you!!
You die...

.....................#..........
.>##...###......######.#########
####...# #[)......##..†........##
.......###...........§h.(..h.....
...........##.....#.§##........##
.......###.##......§.##.....§..##
.......# #.##....(§..##..........
.................(...##........##
...........#..#.@###########.###
...##............# #.# ...
..........>... #.# ...
............... #.# ?..........
#.# ##.......... #.# #...........
#.# #............ #.#


You could see a +0 scimitar (fast, strong, weak, ally target), a friendly +0
scimitar (summoned, fast, strong, weak) and a friendly inugami (summoned).

Vanquished Creatures
  A two-headed ogre (D:8)
  Maggie (D:6)
  Psyche (D:8)
  Grinder (D:4)
  4 yaks (D:7)
  A steam dragon (D:6)
  Menkaure (D:4)
  An acid dragon (D:5)
  A black bear (D:4)
  10 orc warriors
  2 ice beasts (D:6)
  An ice beast (shapeshifter) (D:7)
  3 sky beasts
  3 centaurs (D:8)
  2 phantoms
  2 kobold brigands (D:7)
  5 bullfrogs
  A gnoll sergeant (D:4)
  3 scorpions
  3 killer bees (D:8)
  3 howler monkeys (D:7)
  4 hounds
  3 orc priests
  A gnoll bouda (D:4)
  A jelly (D:8)
  3 iguanas
  Ijyb (D:4)
  3 orc wizards
  16 gnolls
  3 adders
  A white imp (D:6)
  6 dart slugs
  2 ribbon worms
  26 orcs
  4 ball pythons
  7 bats
  5 endoplasms
  6 giant cockroaches
  20 goblins
  16 hobgoblins
  17 jackals
  13 kobolds
  3 quokkas
  A frilled lizard (D:2)
  5 rats
217 creatures vanquished.

Vanquished Creatures (collateral kills)
  An orc warlord (Bailey)
  A wyvern (D:9)
  6 orc warriors
  2 ogres (D:6)
  A killer bee (D:8)
  2 gnolls (Bailey)
  2 orcs
  4 goblins (Bailey)
  2 kobolds (D:7)
21 creatures vanquished.

Vanquished Creatures (others)
  A bat zombie (D:2)
  A jackal (D:1)
  An endoplasm zombie (D:2)
3 creatures vanquished.

Grand Total: 241 creatures vanquished

Notes
Turn   | Place    | Note
-------+----------+-------------------------------------------
     0 | D:1      | mdmota the Djinni Chaos Knight began the quest for the Orb.
     0 | D:1      | Reached XP level 1. HP: 20/20 MP: 0/0
   127 | D:2      | XOM: silly message
   258 | D:2      | XOM: divination: detect items
   271 | D:2      | Reached XP level 2. HP: 25/25 MP: 0/0
   400 | D:2      | XOM: silly message
   481 | D:2      | XOM: potion effect (brilliance)
   489 | D:1      | Reached XP level 3. HP: 27/30 MP: 0/0
   489 | D:1      | Learned a level 1 spell: Necrotise
   701 | D:1      | Reached XP level 4. HP: 35/35 MP: 0/0
   715 | D:1      | XOM: silly message
   810 | D:1      | XOM: noise
  1142 | D:2      | XOM: silly message
  1151 | D:2      | Reached XP level 5. HP: 32/41 MP: 0/0
  1151 | D:2      | Learned a level 2 spell: Mercury Vapours
  1405 | D:3      | Identified the +3 hand axe of Theory {spect, rElec rF+
                  | Dex+3 SInv}
  1448 | D:3      | Found a sparkling altar of Nemelex Xobeh.
  1477 | D:3      | Noticed a kobold brigand
  1478 | D:3      | Found a runed translucent gate.
  1478 | D:3      | Found a runed translucent gate.
  1480 | D:3      | Found a runed translucent gate.
  1497 | D:3      | Found Puhum's Book Boutique.
  1500 | D:3      | Reached skill level 1 in Spellcasting
  1500 | D:3      | Reached skill level 1 in Conjurations
  1500 | D:3      | Reached skill level 1 in Hexes
  1500 | D:3      | Reached skill level 1 in Summonings
  1500 | D:3      | Reached skill level 1 in Necromancy
  1500 | D:3      | Reached skill level 1 in Translocations
  1500 | D:3      | Reached skill level 1 in Fire Magic
  1500 | D:3      | Reached skill level 1 in Ice Magic
  1500 | D:3      | Reached skill level 1 in Air Magic
  1500 | D:3      | Reached skill level 1 in Earth Magic
  1500 | D:3      | Reached skill level 1 in Alchemy
  1688 | D:3      | XOM: noise
  1757 | D:3      | Reached skill level 1 in Shields
  1858 | D:3      | XOM: noise
  1948 | D:3      | XOM: 8-stop teleportation journey
  1949 | D:3      | Noticed KillerQueen's ghost (amateur TrFi)
  2161 | D:4      | Found Gantiang's Weapon Shop.
  2229 | D:4      | Reached skill level 4 in Fighting
  2229 | D:4      | Reached XP level 6. HP: 44/47 MP: 0/0
  2248 | D:4      | XOM: divination: magic mapping
  2256 | D:4      | Reached skill level 1 in Axes
  2303 | D:4      | Noticed Menkaure
  2308 | D:4      | Noticed Grinder
  2315 | D:4      | Killed Menkaure
  2316 | D:4      | Reached XP level 7. HP: 31/53 MP: 0/0
  2316 | D:4      | Learned a level 3 spell: Sigil of Binding
  2320 | D:4      | XOM: potion effect (attraction)
  2321 | D:4      | Paralysed by Grinder for 2 turns
  2322 | D:4      | XOM: potion effect (curing)
  2338 | D:4      | Killed Grinder
  2339 | D:4      | Reached skill level 1 in Stealth
  2434 | D:4      | Noticed Ijyb
  2444 | D:4      | Killed Ijyb
  2778 | D:4      | Found a staircase to the Ecumenical Temple.
  2793 | Temple   | Entered the Ecumenical Temple
  2807 | D:4      | Reached XP level 8. HP: 58/58 MP: 0/0
  2861 | D:4      | XOM: silly message
  2955 | D:4      | Reached skill level 5 in Fighting
  3066 | D:5      | Entered Level 5 of the Dungeon
  3191 | D:5      | XOM: smoke on damage
  3496 | D:6      | Identified the +1 leather armour of Words of Power {rElec
                  | rC+ Dex+3}
  3558 | D:6      | Found a sacrificial altar of Ru.
  3591 | D:6      | Found a hazy altar of Hepliaklqana.
  3591 | D:6      | Found a shimmering altar of Xom.
  3592 | D:6      | Found a broken altar of Ashenzari.
  3734 | D:6      | XOM: fog
  3776 | D:6      | XOM: enchant monster (bad)
  3788 | D:6      | XOM: swap monsters
  3798 | D:6      | Reached XP level 9. HP: 47/66 MP: 0/0
  3798 | D:6      | Learned a level 3 spell: Call Canine Familiar
  3895 | D:5      | XOM: noise
  3973 | D:6      | XOM: summons 5 hostile demons
  4636 | D:5      | XOM: silly message
  4735 | D:4      | XOM: silly message
  4985 | D:6      | Reached skill level 6 in Fighting
  4985 | D:6      | Reached skill level 5 in Axes
  5013 | D:6      | Noticed Maggie
  5018 | D:6      | XOM: summons friendly ufetubus
  5022 | D:6      | XOM: cast spell 'Alistair's Intoxication'
  5031 | D:6      | Killed Maggie
  5237 | D:6      | XOM: scenery: create altars
  5535 | D:6      | XOM: god gift: spear {god gift}
  5649 | D:6      | XOM: fake destruction
  5838 | D:7      | Found Roxavot's Lightly-Used Armoury.
  5857 | D:7      | Found a glowing golden altar of the Shining One.
  5858 | D:7      | Found a basalt altar of Yredelemnul.
  5869 | D:7      | XOM: scenery: create altars
  5907 | D:7      | Found a snail-covered altar of Cheibriados.
  5907 | D:7      | Found a glowing silver altar of Zin.
  5909 | D:7      | Found a shadowy altar of Dithmenos.
  5909 | D:7      | Found a blossoming altar of Fedhas.
  5910 | D:7      | Found a stormy altar of Qazlal.
  5966 | D:7      | XOM: enchant monster (good)
  5970 | D:7      | XOM: confuse monster(s)
  5988 | D:7      | Reached skill level 5 in Dodging
  5988 | D:7      | Reached XP level 10. HP: 52/73 MP: 0/0
  6010 | D:7      | Reached skill level 7 in Fighting
  6027 | D:7      | XOM: god gift: hand axe {god gift}
  6102 | D:7      | XOM: summons friendly iron imp
  6113 | D:7      | Reached skill level 1 in Throwing
  6216 | D:7      | XOM: 1-stop teleportation journey
  6289 | D:7      | XOM is BORED!
  6289 | D:7      | XOM: stat loss: -3 Int (16/19)
  6313 | D:7      | XOM: polymorph ice beast -> shapeshifter
  6376 | D:7      | Found Caxeugoa's Antique Armour Shop.
  6376 | D:7      | XOM: 2-stop teleportation journey
  6482 | D:7      | Bought a glowing helmet for 255 gold pieces
  6627 | D:7      | XOM: summons 6 hostile demons
  6814 | D:7      | Found Qoiveos's Distillery.
  6822 | D:7      | Bought a potion of curing for 33 gold pieces
  7039 | D:7      | Found Iraw's Antique Armour Shoppe.
  7094 | D:8      | Found Quam's Distillery.
  7213 | D:8      | XOM: divination: magic mapping
  7273 | D:8      | Found Curobb's Distillery.
  7276 | D:8      | Found a runed translucent gate.
  7277 | D:8      | Found a runed translucent gate.
  7295 | D:8      | Noticed a two-headed ogre
  7306 | D:8      | Killed a two-headed ogre
  7354 | D:8      | Found a flagged portal.
  7355 | D:8      | XOM: divination: detect items
  7363 | Bailey   | Entered a bailey
  7384 | Bailey   | XOM: polymorph orc -> quokka
  7627 | Bailey   | XOM: 1-stop teleportation journey
  7634 | Bailey   | XOM: confuse monster(s)
  7670 | Bailey   | Identified a scroll of acquirement
  7684 | Bailey   | XOM: noise
  7898 | Bailey   | Reached XP level 11. HP: 54/81 MP: 0/0
  7898 | Bailey   | Learned a level 4 spell: Anguish
  7948 | Bailey   | XOM: noise
  8012 | Bailey   | Reached skill level 8 in Fighting
  8027 | Bailey   | Noticed an orc warlord
  8056 | Bailey   | Killed an orc warlord
  8419 | D:8      | Found Teoho's Armour Emporium.
  8567 | D:8      | Noticed Psyche
  8570 | D:8      | XOM: cleaving
  8578 | D:8      | Killed Psyche
  8579 | D:8      | Reached skill level 1 in Evocations
  8701 | D:8      | Found a runed translucent gate.
  8705 | D:8      | Noticed geeeeen's ghost (novice MiBe)
  8709 | D:8      | Identified the +0 plate armour "Kathrih" {Int+2}
  8772 | D:8      | Identified the +0 robe of Dramatic Exits {Dex+3 SInv
                  | Archmagi}
  8817 | D:7      | Bought a potion of heal wounds for 55 gold pieces
  8817 | D:7      | Bought a potion of berserk rage for 55 gold pieces
  8886 | D:8      | Bought a potion of might for 52 gold pieces
  8928 | D:8      | Bought a potion of enlightenment for 70 gold pieces
  9028 | D:9      | Identified the amulet of Laowunae {rElec Regen+ Int+3} (Xom
                  | gifted it to you on level 9 of the Dungeon)
  9028 | D:9      | XOM: god gift: amulet of Laowunae {rElec Regen+ Int+3}
  9075 | D:9      | XOM: cloud trail
  9109 | D:9      | Slain by a +0 scimitar

Illustrated notes

Levels and vault maps discovered:
D:1:      minmay_arrival_open_corners, layout_rooms, minmay_stone_trees_medium,
          minmay_heptomino_w4
D:2:      layout_loops_ring, basic_altar, kennysheep_generic_room_8
D:3:      layout_basic, nemelex_spade_bored_becter, serial_shops,
          nicolae_shop_just_a_little_nook, gammafunk_ghost_nasty_kobolds,
          skrybe_limestone_x, minmay_goblin_kobold_house
D:4:      minmay_inner_zag, layout_basic, temple_statues, serial_shops, shop,
          kennysheep_generic_room_2, uniq_menkaure, uniq_ijyb, uniq_grinder
D:5:      layout_basic, minivault_23, palyth_stone_intersect
D:6:      layout_basic, chequers_temple_overflow_statue_of_worship,
          mainiacjoe_overflow_24_doors, minmay_fractal_squares_gapless_5,
          uniq_maggie
D:7:      layout_basic, grunt_temple_overflow_open, serial_shops,
          shop_fountains, nicolae_lakefront_shop, nicolae_lakefront_shop,
          chequers_mini_garden, minmay_shop_damaged
D:8:      cheibrodos_quashed, layout_loops_ring, enter_bailey_3, serial_shops,
          shop, nicolae_shop_back_alley_shop, nicolae_shop_industrial_runoff,
          biasface_ghost_orc_armoury, uniq_psyche
D:9:      layout_basic, serial_bayou_lake_a, uniq_jeremiah
Temple:   hellmonk_temple_forest_ring

Skill      XL: |  1  2  3  4  5  6  7  8  9 10 11 |
---------------+----------------------------------+-----
Maces & Flails | 3 |  3.0
Spellcasting   | 1 2 3 4 |  4.5
Conjurations   | 1 2 3 4 |  4.5
Hexes          | 1 2 3 4 |  4.5
Summonings     | 1 2 3 4 |  4.5
Necromancy     | 1 2 3 4 |  4.5
Translocations | 1 2 3 4 |  4.5
Fire Magic     | 1 2 3 4 |  4.5
Ice Magic      | 1 2 3 4 |  4.5
Air Magic      | 1 2 3 4 |  4.5
Earth Magic    | 1 2 3 4 |  4.5
Alchemy        | 1 2 3 4 |  4.5
Dodging        | 3 4 5 6 |  6.0
Shields        | 1 2 4 |  4.4
Fighting       | 4 5 6 7 8 |  8.5
Axes           | 1 3 4 5 7 |  7.6
Armour         | 2 3 |  3.9
Stealth        | 1 2 3 |  3.7
Throwing       | 1 3 |  3.2
Evocations     | 1 |  1.0

Action                     |  1- 3 |  4- 6 |  7- 9 | 10-12 || total
---------------------------+-------+-------+-------+-------++-------
  Melee: Mace              |    88 |    54 |       |       ||   142
         Hand axe          |       |    80 |   292 |   241 ||   613
         Broad axe         |       |       |       |    40 ||    40
  Throw: Boomerang         |       |       |    10 |    77 ||    87
   Cast: Call Canine Famil |       |       |     5 |    16 ||    21
         Mercury Vapours   |       |       |       |     1 ||     1
         Sigil of Binding  |       |       |       |     1 ||     1
  Evoke: Wand              |       |       |       |     9 ||     9
    Use: Scroll            |       |       |       |    10 ||    10
         Potion            |       |       |       |     3 ||     3
   Stab: Sleeping          |       |     1 |     3 |     2 ||     6
         Distracted        |       |     1 |     5 |     6 ||    12
         Confused          |       |       |     1 |     1 ||     2
 Armour: Leather armour    |    91 |    35 |   109 |    78 ||   313
  Dodge: Dodged            |   100 |    86 |   171 |   138 ||   495
  Block: Buckler           |    26 |    25 |    70 |   129 ||   250
         Reflection        |       |       |       |     2 ||     2
